 Dungeon Crawl Stone Soup version 0.16-a0-4053-g5391420 (console) character file.

752 Monkaria the Carver (level 7, -5/63 HPs)
             Began as a Minotaur Chaos Knight on Feb 20, 2015.
             Slain by a small abomination (15 damage)
             ... summoned by the capriciousness of Xom
             ... on level 4 of the Dungeon.
             The game lasted 00:07:12 (3292 turns).

Monkaria the Carver (Minotaur Chaos Knight)         Turns: 3292, Time: 00:07:12

Health: -5/63      AC:  6    Str: 18    XL:     7   Next: 49%
Magic:  3/3        EV: 11    Int:  9    God:    Xom [.*....]
Gold:   191        SH:  0    Dex: 10    Spells: 0 memorised, 6 levels left

rFire  . . .     SeeInvis .     a - +0 falchion (chaos)
rCold  . . .     Clarity  .     b - +2 leather armour
rNeg   . . .     SustAb   +     (no shield)
rPois  .         Gourm    .     (helmet restricted)
rElec  .         Spirit   .     j - +0 cloak
rCorr  .         Warding  .     (no gloves)
rMut   .         Stasis   .     (no boots)
MR     .....                    (no amulet)
Stlth  +.........               (no ring)
                                k - ring of sustain abilities

@: not resistant to hostile enchantments, very unstealthy
A: retaliatory headbutt, horns 2
a: Renounce Religion


You were on level 4 of the Dungeon.
You worshipped Xom.
You were a plaything of Xom.
You were hungry.

You visited 1 branch of the dungeon, and saw 4 of its levels.

You collected 191 gold pieces.

Inventory:

Hand weapons
 a - a +0 falchion of chaos (weapon)
Armour
 b - a +2 leather armour (worn)
 j - a +0 cloak (worn)
Jewellery
 k - a ring of sustain abilities (left hand)
Scrolls
 e - a scroll of remove curse
 g - 4 scrolls of enchant armour
 o - a scroll of identify
Potions
 i - a potion of resistance
 p - a potion of brilliance
Comestibles
 c - 4 bread rations


   Skills:
 - Level 6.0 Fighting
 + Level 9.5 Long Blades
 - Level 2.4 Armour
 - Level 1.1 Dodging


You had 6 spell levels left.
You didn't know any spells.

Dungeon Overview and Level Annotations

Branches:
Dungeon (4/15)
 Temple: D:4-7

Altars:
Cheibriados
Gozag
Yredelemnul

Shops:
D:4 (


Innate Abilities, Weirdness & Mutations

You reflexively headbutt those who attack you in melee.
You have a pair of horns on your head.


Message History

Unknown command.
Unknown command.
Read which item? (? for menu, Esc to quit)
As you read the scroll labeled CHAPAGGAEWN, it crumbles to dust.
You feel forgetful for a moment.
It was a scroll of amnesia.
The small abomination barely misses you.
The small abomination hits you but does no damage.
Drop what? 12/52 slots (_ for help) (? for menu, Esc to quit)
Okay, then.
Unknown command.
Read which item? (? for menu, Esc to quit)
As you read the scroll labeled GIOD ZENKOSK, it crumbles to dust.
You assume a fearsome visage.
The giant newt looks frightened!
The small abomination is unaffected.
It was a scroll of fear.
The small abomination closely misses you.
Read which item? (? for menu, Esc to quit)
As you read the scroll labeled WEILAMIMIHA, it crumbles to dust.
The scroll dissolves into smoke.
It was a scroll of fog.
The small abomination hits you!
You die...

##''#######.##.###..#
###≈..##......##.###..#
..##__#######.........#
.###⌠⌠# #.##.###.## .#
#### #........# .#
####l##### .# #§# .#
#x# ## #@# #§# #§# ##
#.# .###############.#
.................#
.################# ##


You could see a small abomination.

Vanquished Creatures
  The ghost of nago the Bolt Thrower, an average OpHu of Dithmenos (D:3)
  A small abomination (D:4)
  2 ogres
  A phantom (D:4)
  A centaur (D:3)
  An orc priest (D:3)
  An iguana (D:4)
  A worker ant (D:4)
  A hound skeleton (D:4)
  4 gnolls (D:4)
  2 adders
  A worm (D:3)
  An ooze (shapeshifter) (D:4)
  6 orcs
  A ball python (D:2)
  6 bats
  A bat skeleton (D:4)
  4 giant cockroaches
  8 goblins
  6 hobgoblins
  8 jackals (D:3)
  9 kobolds
  4 quokkas
  2 giant newts
  2 quokka skeletons (D:4)
  3 rats
  A spectral orc (D:4)
79 creatures vanquished.

Vanquished Creatures (collateral kills)
  A gnoll (D:4)
1 creature vanquished.

Grand Total: 80 creatures vanquished

Notes
Turn   | Place    | Note
--------------------------------------------------------------
     0 | D:1      | Monkaria, the Minotaur Chaos Knight, began the quest for the Orb.
     0 | D:1      | Reached XP level 1. HP: 19/19 MP: 1/1
    90 | D:1      | Reached skill level 4 in Long Blades
   102 | D:1      | XOM: divination: detect creatures
   209 | D:1      | Reached XP level 2. HP: 27/27 MP: 1/1
   389 | D:1      | XOM: divination: detect creatures
   656 | D:2      | XOM: smoke on damage
   699 | D:2      | XOM: butterfly on damage
   700 | D:2      | Reached XP level 3. HP: 19/33 MP: 2/2
  1292 | D:3      | XOM: silly message
  1303 | D:3      | XOM: harmless Erth miscast
  1415 | D:3      | Noticed nago's ghost (average OpHu)
  1427 | D:3      | Killed nago's ghost
  1427 | D:3      | Reached skill level 5 in Fighting
  1427 | D:3      | Reached skill level 6 in Long Blades
  1427 | D:3      | Reached XP level 4. HP: 16/42 MP: 2/2
  1427 | D:3      | Reached XP level 5. HP: 18/48 MP: 2/2
  1645 | D:3      | XOM: potion effect (might)
  1666 | D:3      | Noticed a centaur
  1671 | D:3      | Killed a centaur
  1671 | D:3      | Reached skill level 7 in Long Blades
  1671 | D:3      | Reached XP level 6. HP: 43/57 MP: 3/3
  1778 | D:3      | XOM: colour smoke trail
  2086 | D:3      | Noticed an ogre
  2092 | D:3      | Killed an ogre
  2329 | D:3      | XOM: divination: detect creatures
  2424 | D:3      | XOM: mild Hex miscast
  2437 | D:4      | XOM: mild Erth miscast
  2443 | D:4      | Reached skill level 8 in Long Blades
  2443 | D:4      | Reached XP level 7. HP: 54/63 MP: 3/3
  2457 | D:4      | Found Klauv's Weapon Shop.
  2480 | D:4      | XOM: harmless Conj miscast
  2509 | D:4      | Found a basalt altar of Yredelemnul.
  2643 | D:4      | XOM: divination: magic mapping
  2715 | D:4      | Found an opulent altar of Gozag.
  2715 | D:4      | Found a snail-covered altar of Cheibriados.
  2839 | D:4      | Reached skill level 9 in Long Blades
  2846 | D:4      | XOM: confuse monster(s)
  2869 | D:4      | HP: 1/63 [gnoll (7)]
  2882 | D:4      | XOM: polymorph gnoll sergeant -> centaur
  2884 | D:4      | XOM: harmless Summ miscast
  2886 | D:4      | XOM: polymorph centaur -> ooze
  3272 | D:4      | XOM: medium Summ miscast
  3273 | D:4      | Noticed a small abomination
  3292 | D:4      | Slain by a small abomination

Action                   |  1- 3 |  4- 6 |  7- 9 || total
-------------------------+-------+-------+-------++-------
Melee: Falchion          |   112 |    52 |    82 ||   246
  Use: Scroll            |       |     7 |     3 ||    10
       Potion            |       |       |     3 ||     3
 Stab: Paralysed         |     1 |     2 |       ||     3
       Confused          |       |       |     1 ||     1
  Eat: Chunk             |     2 |     2 |     3 ||     7
